 Dungeon Crawl Stone Soup version 0.22-a0-515-g75794bf (webtiles) character file.

80910 4thArraOfDagon the Brawler (level 15, -10/163 HPs)
             Began as a Troll Monk on June 19, 2018.
             Was the Champion of Cheibriados.
             Mangled by an eight-headed hydra (13 damage)
             ... on level 6 of the Lair of Beasts.
             The game lasted 00:36:14 (7299 turns).

4thArraOfDagon the Brawler (Troll Monk)             Turns: 7299, Time: 00:36:16

Health: -10/163    AC:  8    Str: 42    XL:     15   Next: 25%
Magic:  19/19      EV: 20    Int: 26    God:    Cheibriados [******]
Gold:   723        SH: 15    Dex: 27    Spells: 14/14 levels left

rFire    . . .     SeeInvis .     - Unarmed
rCold    + . .     Gourm    +   O - +0 shield
rNeg     . . .     Faith    .   C - +0 robe of Forking Paths {rPois MR+ Str+4 Dex-2}
rPois    +         Spirit   .   (helmet restricted)
rElec    .         Reflect  .   u - +2 cloak {rPois}
rCorr    .         Harm     .   (gloves unavailable)
MR       ++...                  (boots unavailable)
Stlth    +++.......             T - amulet of the acrobat
HPRegen  0.77/turn              x - ring of Huurepiu {+Blink rPois Stlth+}
MPRegen  0.16/turn              r - ring of protection from cold

@: very slow
A: large, unfitting armour, claws 3, agile 1, fast metabolism 3, gourmand, low
mp 1, regeneration 1, robust 1, shaggy fur 1, tough skin 2
a: Bend Time, Temporal Distortion, Slouch, Step From Time, Renounce Religion,
Evoke Blink


You were on level 6 of the Lair of Beasts.
You worshipped Cheibriados.
Cheibriados was exalted by your worship.
You were very full.

You visited 3 branches of the dungeon, and saw 22 of its levels.
You also visited: Labyrinth and Ossuary.

You collected 1203 gold pieces.
You spent 480 gold pieces at shops.

Inventory:

Hand Weapons
 w - the +1 spear of Qesm {pierce, +Rage Str-4 Stlth+, unknown}
   (You found it on level 6 of the Dungeon)

   It inflicts extra damage upon your enemies.
   It affects your strength (-4).
   It lets you go berserk.
   It makes you more stealthy.
 J - the +7 quarterstaff "Tormentor" {drain, rElec MR+ Int+6 Dex+3, unknown}
   (You found it in a labyrinth)

   A truly terrible weapon, it drains the life of those it strikes.
   It affects your intelligence (+6).
   It affects your dexterity (+3).
   It insulates you from electricity.
   It affects your resistance to hostile enchantments.
Missiles
 M - a throwing net
 P - 4 large rocks (quivered)
Armour
 a - a +0 robe
 h - a +0 large shield
 u - a +2 cloak of poison resistance (worn)
 C - the +0 robe of Forking Paths (worn) {rPois MR+ Str+4 Dex-2}
   (You found it on level 9 of the Dungeon)

   It affects your strength (+4).
   It affects your dexterity (-2).
   It protects you from poison.
   It affects your resistance to hostile enchantments.
 O - a +0 shield (worn)
 V - a +2 robe of magic resistance
Magical Staves
 q - an uncursed staff of energy {!a}
 v - an uncursed staff of power {!a}
Jewellery
 c - an uncursed ring of magical power
 g - an uncursed ring of resist corrosion
 r - a ring of protection from cold (right claw)
 t - an uncursed ring of protection from fire
 x - the ring of Huurepiu (left claw) {+Blink rPois Stlth+}
   (You found it in a labyrinth)

   [ring of stealth]

   It protects you from poison.
   It lets you blink.
   It makes you more stealthy.
 y - an uncursed amulet of rage
 Q - an uncursed ring of ice
 T - an amulet of the acrobat (around neck)
 Y - an uncursed ring of ice
Wands
 l - a wand of acid (15)
 p - a wand of iceblast (8)
 z - a wand of flame (25)
 A - a wand of paralysis (17)
 D - a wand of scattershot (9)
 W - a wand of clouds (9)
Scrolls
 f - 6 scrolls of teleportation
 i - 3 scrolls of enchant armour {unknown}
 k - 2 scrolls of immolation
 o - 3 scrolls of magic mapping
 s - 5 scrolls of remove curse
 B - 2 scrolls of noise
 E - 2 scrolls of acquirement {unknown}
 L - a scroll of amnesia
 S - a scroll of fog {unknown}
 X - a scroll of holy word {unknown}
 Z - a scroll of identify
Potions
 d - 3 potions of brilliance
 e - 3 potions of heal wounds
 j - 3 potions of might
 m - 8 potions of curing
 n - 2 potions of haste
 F - a potion of flight
 H - 3 potions of resistance
 I - 2 potions of agility
 N - 2 potions of mutation
 U - a potion of ambrosia
Miscellaneous
 G - 2 phantom mirrors
 K - a fan of gales
 R - a lamp of fire
Comestibles
 b - 25 rations


   Skills:
 + Level 10.1 Fighting
 - Level 10.0 Dodging
 - Level 1.0 Stealth
 - Level 9.0 Shields
 - Level 16.2 Unarmed Combat
 - Level 10.1 Invocations


You had 14 spell levels left.
You didn't know any spells.
Your spell library contained the following spells:

 Spells                   Type           Power        Failure   Level  Hunger
 Lightning Bolt           Conj/Air       #.........   98%         5    ######.
 Freezing Cloud           Conj/Ice/Air   #.........   100%        6    #######
 Mephitic Cloud           Conj/Pois/Air  #.......     36%         3    ####...
 Shock                    Conj/Air       #...         13%         1    ##.....
 Swiftness                Chrm/Air       #.......     19%         2    ###....
 Airstrike                Air            #.........   77%         4    #####..
 Static Discharge         Conj/Air       #.......     36%         3    ####...
 Sandblast                Erth           #.....       13%         1    ##.....


Dungeon Overview and Level Annotations

Branches:
Dungeon (15/15)            Temple (1/1) D:7            Lair (6/6) D:9
  Swamp: Lair:2-4    Shoals: Lair:2-4     Snake: Lair:2-4    Spider: Lair:2-4
  Slime: Lair:5-6       Orc: D:9-12      Vaults: D:13-14     Depths: D:15

Altars:
Cheibriados
Dithmenos
Elyvilon
Fedhas
Hepliaklqana
Kikubaaqudgha
Okawaru
Ru
Vehumet
Wu Jian
Xom
Zin

Shops:
D:5 !

Portals:
Trove: D:13 (give +6 demon whip)

Annotations:
D:9 3 runed doors, Ixkozint's ghost, novice OpGl
Lair:2 3 runed doors, Cycubueb's ghost, journeyman MiFi


Innate Abilities, Weirdness & Mutations

You are too large for most types of armour.
You have claws for hands.
Your metabolism is lightning-fast.
You like to eat raw meat.
Your natural rate of healing is unusually fast.
You are covered in fur. (AC +1)
You have very tough skin. (AC +2)
You are agile. (Dex +2)
Your magical capacity is low. (-10% MP)
You are robust. (+10% HP)


Message History

You block the eight-headed hydra's attack.
The eight-headed hydra closely misses you.
The eight-headed hydra barely misses you.
The eight-headed hydra bites you!
* * * LOW HITPOINT WARNING * * *
The eight-headed hydra completely misses you.
You block the eight-headed hydra's attack.
The eight-headed hydra bites you!
* * * LOW HITPOINT WARNING * * *
The eight-headed hydra bites you.
* * * LOW HITPOINT WARNING * * *
The yak misses you. The yak gores you.
* * * LOW HITPOINT WARNING * * *
The eight-headed hydra bites you!
* * * LOW HITPOINT WARNING * * *
The eight-headed hydra bites you!
* * * LOW HITPOINT WARNING * * *
The eight-headed hydra closely misses you. x2
The eight-headed hydra bites you!
You die...

........#
............
(..........##
......?.....
..........#
.........###
##.....Y#.#
#......D@##
##..[..Y..#
#........##
#........#
#.......P#
#.......##
###......P#
#.P(......#
#........##


You could see an eight-headed hydra and 2 yaks.

Vanquished Creatures
  Agnes (D:15)
  6 dire elephants (Lair:6)
  A minotaur (Lab)
  An ogre mage (D:15)
  A hydra (Lair:5)
  Erolcha (D:12)
  Fannar (D:12)
  2 centaur warriors (D:13)
  2 vault guards (D:14)
  An anaconda (Lair:6)
  8 two-headed ogres
  A death knight (D:15)
  11 death yaks
  3 tengu warriors
  Urug (D:12)
  A deep elf knight (D:14)
  A fire crab (Lair:5)
  5 skeletal warriors
  2 unseen horrors
  A phantasmal warrior (D:15)
  An orc knight (D:15)
  4 harpies (D:15)
  17 ugly things
  A necromancer (Lair:3)
  A wolf spider zombie (D:14)
  2 cyclopes
  A manticore (D:14)
  15 elephants
  Psyche (D:12)
  A guardian serpent (Lair:2)
  2 black mambas
  2 gargoyles
  3 komodo dragons
  5 spiny frogs
  2 kobold demonologists (D:15)
  A yaktaur (D:10)
  3 trolls
  3 meliai (D:13)
  3 polar bears
  19 blink frogs
  10 slime creatures
  5 dream sheep (Lair:6)
  Sigmund (D:4)
  9 hippogriffs
  2 wyverns
  A vampire (D:13)
  3 wraiths
  25 yaks
  2 basilisks
  3 shadows
  2 vampire mosquitoes (D:12)
  A soldier ant (D:14)
  2 acid dragons
  7 water moccasins
  10 orc warriors
  2 porcupines
  6 ice beasts
  4 sky beasts
  6 ogres
  2 elephant zombies (Lair:3)
  3 black bears
  An eye of draining (D:12)
  8 centaurs
  8 wolves
  A phantom (D:12)
  6 crocodiles
  5 big kobolds
  A komodo dragon zombie (Lair:3)
  16 bullfrogs
  2 scorpions
  5 killer bees (D:10)
  5 wights (D:10)
  6 howler monkeys
  4 electric eels
  4 bullfrog zombies
  5 crimson imps
  A quasit (D:10)
  2 jellies
  7 hounds
  A human zombie (Ossuary)
  7 orc priests
  5 centaur skeletons
  13 orc wizards
  A bullfrog skeleton (D:11)
  2 iguanas
  5 worker ants
  A big kobold zombie (Ossuary)
  A crocodile zombie (Lair:3)
  3 hound skeletons
  3 mummies
  A howler monkey zombie (D:10)
  A worker ant zombie (D:10)
  8 adders
  4 gnolls (D:7)
  3 shadow imps
  An ooze (D:2)
  An adder zombie (D:5)
  5 leopard geckos
  36 orcs
  A giant cockroach (D:5)
  2 gnoll zombies (Ossuary)
  3 jackals
  A quokka (D:6)
  A bat (D:1)
  2 goblin zombies (Ossuary)
  3 hobgoblin zombies (Ossuary)
  12 kobolds
  5 orc zombies (Ossuary)
  A fungus (Lair:3)
  2 plants (Lair:6)
466 creatures vanquished.

Vanquished Creatures (collateral kills)
  An eye of draining (D:13)
1 creature vanquished.

Vanquished Creatures (others)
  11 fungi
  13 plants
24 creatures vanquished.

Grand Total: 491 creatures vanquished

Notes
Turn   | Place    | Note
-------+----------+-------------------------------------------
     0 | D:1      | 4thArraOfDagon the Troll Monk began the quest for the Orb.
     0 | D:1      | Reached XP level 1. HP: 22/22 MP: 0/0
   323 | D:3      | Reached XP level 2. HP: 26/29 MP: 1/1
   344 | D:4      | Identified the Volume of Earthen Feathers
   371 | D:4      | Noticed Sigmund
   471 | D:5      | Entered Level 5 of the Dungeon
   484 | D:5      | Found Saug's Distillery.
   496 | D:5      | Reached skill level 1 in Shields
   496 | D:5      | Reached skill level 4 in Unarmed Combat
   496 | D:5      | Reached XP level 3. HP: 31/36 MP: 2/2
   512 | D:5      | Bought a potion of heal wounds for 75 gold pieces
   524 | D:5      | Found a hazy altar of Hepliaklqana.
   527 | D:5      | Noticed a sky beast
   535 | D:5      | Killed a sky beast
   535 | D:5      | Reached skill level 5 in Unarmed Combat
   535 | D:5      | Reached XP level 4. HP: 37/44 MP: 3/3
   535 | D:5      | Reached XP level 5. HP: 43/50 MP: 4/4
   543 | D:6      | Found a blossoming altar of Fedhas.
   594 | D:6      | Noticed an orc warrior
   617 | D:6      | Reached XP level 6. HP: 26/59 MP: 5/5
   624 | D:6      | Killed an orc warrior
   624 | D:6      | Reached skill level 6 in Unarmed Combat
   705 | D:6      | Noticed an orc warrior
   750 | D:6      | Got a dazzling spear
   818 | D:7      | Reached XP level 7. HP: 44/66 MP: 6/6
   837 | D:7      | Reached skill level 7 in Unarmed Combat
   879 | D:7      | Found a shadowy altar of Dithmenos.
   914 | D:7      | Found a staircase to the Ecumenical Temple.
   925 | Temple   | Entered the Ecumenical Temple
   932 | Temple   | Became a worshipper of Cheibriados the Contemplative
   932 | Temple   | Reached * piety under Cheibriados
   932 | Temple   | Reached ** piety under Cheibriados
  1075 | D:7      | Reached skill level 1 in Invocations
  1144 | D:6      | Reached skill level 8 in Unarmed Combat
  1144 | D:6      | Reached XP level 8. HP: 67/74 MP: 6/8
  1193 | D:5      | Found a radiant altar of Vehumet.
  1366 | D:8      | Found a sand-covered staircase.
  1372 | Ossuary  | Entered an ossuary
  1400 | Ossuary  | Reached *** piety under Cheibriados
  1525 | D:8      | Reached skill level 9 in Unarmed Combat
  1601 | D:8      | Found a glowing silver altar of Zin.
  1676 | D:6      | Found an ornate altar of the Wu Jian Council.
  1784 | D:4      | Killed Sigmund
  1784 | D:4      | Reached XP level 9. HP: 76/80 MP: 10/10
  1834 | D:5      | Bought a potion of curing for 45 gold pieces
  1834 | D:5      | Bought a potion of might for 60 gold pieces
  1834 | D:5      | Bought a potion of might for 60 gold pieces
  1834 | D:5      | Bought a potion of might for 60 gold pieces
  1834 | D:5      | Bought a potion of mutation for 120 gold pieces
  1834 | D:5      | Bought a potion of agility for 60 gold pieces
  1834 | D:5      | Gained mutation: Your magical capacity is low. (-10% MP) [potion of mutation]
  1834 | D:5      | Gained mutation: You are robust. (+10% HP) [potion of mutation]
  1834 | D:5      | Gained mutation: You are agile. (Dex +2) [potion of mutation]
  1969 | D:9      | Noticed a death yak
  1987 | D:9      | Killed a death yak
  1987 | D:9      | Reached skill level 5 in Shields
  2005 | D:9      | Noticed a death yak
  2005 | D:9      | Noticed a two-headed ogre
  2005 | D:9      | Noticed a death yak
  2005 | D:9      | Noticed a death yak
  2007 | D:9      | Noticed a death yak
  2020 | D:9      | Killed a two-headed ogre
  2020 | D:9      | Reached skill level 10 in Unarmed Combat
  2023 | D:9      | Noticed a death yak
  2025 | D:9      | Noticed a death yak
  2043 | D:9      | Got a bloodstained robe
  2054 | D:9      | Identified the cursed +0 robe of Forking Paths {rPois MR+ Str+4 Dex-2} (You found it on level 9 of the Dungeon)
  2128 | D:9      | Noticed a two-headed ogre
  2140 | D:9      | Killed a two-headed ogre
  2140 | D:9      | Reached skill level 5 in Dodging
  2140 | D:9      | Reached XP level 10. HP: 18/96 MP: 11/11
  2160 | D:9      | Found a staircase to the Lair.
  2230 | D:10     | Entered Level 10 of the Dungeon
  2284 | D:9      | Found a runed gate.
  2285 | D:9      | Found a runed gate.
  2286 | D:9      | Found a runed gate.
  2287 | D:9      | Noticed Ixkozint's ghost (novice OpGl)
  2287 | D:9      | Noticed a nine-headed hydra
  2378 | D:9      | Killed a death yak
  2378 | D:9      | Reached **** piety under Cheibriados
  2378 | D:9      | Reached skill level 11 in Unarmed Combat
  2378 | D:9      | Reached skill level 5 in Invocations
  2384 | D:9      | Killed a death yak
  2387 | D:9      | Killed a death yak
  2392 | D:9      | Killed a death yak
  2398 | D:9      | Killed a death yak
  2404 | D:9      | Killed a death yak
  2404 | D:9      | Reached XP level 11. HP: 41/103 MP: 11/12
  2633 | D:10     | Reached skill level 12 in Unarmed Combat
  2713 | D:10     | Found a runed door.
  2820 | D:10     | Reached ***** piety under Cheibriados
  2847 | D:10     | Noticed a green ugly thing
  2868 | D:10     | Killed a green ugly thing
  2997 | D:10     | Found a runed door.
  3160 | D:11     | Noticed a tengu warrior
  3169 | D:11     | Noticed a tengu warrior
  3173 | D:11     | Killed a tengu warrior
  3178 | D:11     | Killed a tengu warrior
  3237 | D:11     | Noticed a two-headed ogre
  3249 | D:11     | Killed a two-headed ogre
  3249 | D:11     | Reached skill level 13 in Unarmed Combat
  3404 | D:12     | Noticed Urug
  3419 | D:12     | Killed Urug
  3429 | D:12     | Killed an unseen horror
  3429 | D:12     | Reached XP level 12. HP: 77/114 MP: 6/14
  3532 | D:12     | Noticed Erolcha
  3541 | D:12     | Killed Erolcha
  3633 | D:13     | Found a portal to a secret trove of treasure.
  3663 | D:13     | Noticed a centaur warrior
  3668 | D:13     | Killed a centaur warrior
  3670 | D:13     | Noticed a centaur warrior
  3673 | D:13     | Killed a centaur warrior
  3724 | D:13     | Found a labyrinth entrance.
  3730 | Lab      | Entered a labyrinth
  3824 | Lab      | Noticed a minotaur
  3834 | Lab      | Killed a minotaur
  3840 | Lab      | Got a vibrating turquoise ring
  3842 | Lab      | Identified the ring of Huurepiu {+Blink rPois Stlth+} (You found it in a labyrinth)
  3848 | Lab      | Got a polished quarterstaff
  3939 | D:12     | Noticed Fannar
  3949 | D:12     | Killed Fannar
  3950 | D:12     | Noticed a two-headed ogre
  3961 | D:12     | Killed a two-headed ogre
  3961 | D:12     | Reached skill level 14 in Unarmed Combat
  3965 | D:12     | Found a white marble altar of Elyvilon.
  4076 | D:12     | Noticed Psyche
  4088 | D:12     | Killed Psyche
  4235 | D:13     | Reached XP level 13. HP: 26/121 MP: 11/16
  4621 | D:15     | Entered Level 15 of the Dungeon
  4631 | D:15     | Reached skill level 15 in Unarmed Combat
  4780 | D:15     | Noticed Agnes
  4868 | D:14     | Found an iron altar of Okawaru.
  4914 | D:15     | Killed Agnes
  5152 | D:15     | Reached XP level 14. HP: 87/135 MP: 18/18
  5277 | D:14     | Reached skill level 16 in Unarmed Combat
  5386 | D:12     | Reached skill level 10 in Invocations
  5639 | Lair:1   | Entered Level 1 of the Lair of Beasts
  5785 | Lair:2   | Found a runed gate.
  5785 | Lair:2   | Found a runed gate.
  5786 | Lair:2   | Found a runed gate.
  5786 | Lair:2   | Noticed Cycubueb's ghost (journeyman MiFi)
  6024 | Lair:3   | Reached skill level 5 in Fighting
  6246 | Lair:5   | Reached skill level 10 in Dodging
  6321 | Lair:6   | Entered Level 6 of the Lair of Beasts
  6377 | Lair:6   | HP: 5/144 [eight-headed hydra (4)]
  6825 | Lair:6   | Reached XP level 15. HP: 136/159 MP: 19/19
  7222 | Lair:6   | Reached ****** piety under Cheibriados
  7222 | Lair:6   | Reached skill level 10 in Fighting
  7299 | Lair:6   | HP: 3/163 [eight-headed hydra (8)]
  7299 | Lair:6   | Mangled by an eight-headed hydra

Vault maps used:
D:1:      matt_arrival_refuge, serial_bayou_pond_e
D:2:      nicolae_overflow_crystal_walls, grunt_qazlal_clouds, first_ration
D:3:      fiery_altar_vehumet, old_standard_altar, uniq_crazy_yiuf_cottage,
          uniq_natasha
D:4:      grunt_temple_overflow_bloody_war, uniq_sigmund
D:5:      lemuel_round_altar, overflow_temple_1_default, basic_altar,
          serial_shops, nicolae_shop_statue_plus
D:6:      cheibrodos_thug_alley, nicolae_overflow_hidden_temple, fedhas_altar_2
D:7:      kennysheep_mini, minmay_temple_entry_butterflies
D:8:      lemuel_slime, tso_altar, zin_statuary, gup_ossuary_entry_pyramid,
          minmay_misc_feat_pillars, hangedman_pestilent_swarm
D:9:      dpeg_lair_monsters, hiddenorc1_lemuel, gammafunk_ghost_hydra_chop,
          special_room
D:10:     cheibrodos_histonic
D:12:     elyvilon_altar_5, uniq_erolcha, uniq_fannar, uniq_psyche, uniq_urug
D:13:     lab_entry_generic, enter_trove_3
D:14:     grunt_vaults_entry_fortified, basic_altar, hex_medium,
          kennysheep_small_square
D:15:     gammafunk_depths_entry_grave, minmay_misc_feat_doors, spider_trap,
          serial_park_tiny_1, grunt_ministairs_4, uniq_roxanne, uniq_agnes
Temple:   compressed_dpeg_triangle_lava_temple
Lair:1:   special_room
Lair:2:   beast_lair_carwin_large_2, minmay_snake_entry_spellcaster,
          gammafunk_ghost_hydra_chop
Lair:3:   pond_and_an_island_with_a_cottage, st_stairs_12
Lair:4:   minmay_shoals_entry_lonely_mermaid, grunt_megastairs_5,
          minmay_lair_oklob_chamber, infiniplex_staircase_pool_2, uniq_harold,
          uniq_rupert
Lair:5:   slime_altar_1
Lair:6:   due_jungle_book, eino_house_with_fridge, lemuel_fruit_fields,
          grunt_megastairs_1, infiniplex_staircase_pool, uniq_nessos
Lab:      labyrinth_spiral
Ossuary:  minmay_ossuary_gauntlet

Skill      XL: |  1  2  3  4  5  6  7  8  9 10 11 12 13 14 15 |
---------------+----------------------------------------------+-----
Shields        | 1 2 3 4 5 6 7 8 9 |  9.0
Unarmed Combat | 4 5 6 8 9 10 11 13 14 15 16 | 16.2
Invocations    | 1 3 4 6 7 8 9 10 | 10.1
Dodging        | 3 5 6 7 8 9 10 | 10.0
Fighting       | 4 8 10 | 10.1
Stealth        | |  1.0

Action                   |  1- 3 |  4- 6 |  7- 9 | 10-12 | 13-15 || total
-------------------------+-------+-------+-------+-------+-------++-------
Melee: Unarmed           |    31 |    44 |   216 |   496 |   691 ||  1478
Throw: Throwing net      |       |       |     2 |     1 |       ||     3
       Large rock        |       |       |       |       |    17 ||    17
Invok: Slouch            |       |       |       |     6 |     9 ||    15
       Temporal Distorti |       |       |       |     3 |     3 ||     6
Evoke: Wand              |       |     2 |     4 |       |     5 ||    11
       Lamp of fire      |       |       |       |     1 |     1 ||     2
  Use: Scroll            |       |       |     2 |    15 |     3 ||    20
       Potion            |       |       |     1 |     6 |     1 ||     8
 Stab: Sleeping          |       |     2 |     1 |       |     9 ||    12
       Distracted        |       |       |       |     1 |       ||     1
       Held in net/web   |       |       |       |     2 |       ||     2
       Confused          |       |       |       |       |     1 ||     1
  Eat: Chunk             |     3 |     8 |     7 |    16 |    24 ||    58
Armor: Robe              |    78 |     9 |    38 |    49 |    56 ||   230
       Skin              |       |       |       |    20 |     1 ||    21
Dodge: Dodged            |    82 |     3 |    48 |   157 |   365 ||   655
Block: Large shield      |    13 |    28 |   193 |    95 |       ||   329
       Shield            |       |       |       |   219 |   385 ||   604

Table legend:
 A = Spawn XP
 B = Non-spawn XP
 C = Spawn XP percentage of total XP
 D = Spawn monster count
 E = Non-spawn monster count
 F = Spawn count percentage of total count
 G = Total turns spent on level
                    A         B        C        D         E        F      G
               +---------+---------+-------+---------+---------+-------+---------
         Total |       0 |  115587 |   0.0 |       0 |     464 |   0.0 |  7299
               +---------+---------+-------+---------+---------+-------+---------
           D:1 |       0 |       2 |   0.0 |       0 |       2 |   0.0 |   249
           D:2 |       0 |       7 |   0.0 |       0 |       1 |   0.0 |    22
           D:3 |       0 |      14 |   0.0 |       0 |       1 |   0.0 |    40
           D:4 |       0 |     243 |   0.0 |       0 |       3 |   0.0 |   204
           D:5 |       0 |     515 |   0.0 |       0 |      10 |   0.0 |   224
           D:6 |       0 |     644 |   0.0 |       0 |      13 |   0.0 |   370
           D:7 |       0 |     716 |   0.0 |       0 |      20 |   0.0 |   415
           D:8 |       0 |     687 |   0.0 |       0 |      15 |   0.0 |   284
           D:9 |       0 |    8501 |   0.0 |       0 |      18 |   0.0 |   493
          D:10 |       0 |    5540 |   0.0 |       0 |      61 |   0.0 |   732
          D:11 |       0 |    4105 |   0.0 |       0 |      34 |   0.0 |   353
          D:12 |       0 |    9095 |   0.0 |       0 |      42 |   0.0 |   571
          D:13 |       0 |   11074 |   0.0 |       0 |      34 |   0.0 |   518
          D:14 |       0 |   12788 |   0.0 |       0 |      33 |   0.0 |   589
          D:15 |       0 |   19631 |   0.0 |       0 |      40 |   0.0 |   321
        Lair:1 |       0 |    1222 |   0.0 |       0 |       5 |   0.0 |   104
        Lair:2 |       0 |    1621 |   0.0 |       0 |      12 |   0.0 |   153
        Lair:3 |       0 |    3969 |   0.0 |       0 |      23 |   0.0 |   267
        Lair:4 |       0 |     398 |   0.0 |       0 |       3 |   0.0 |    56
        Lair:5 |       0 |   10192 |   0.0 |       0 |      33 |   0.0 |   325
        Lair:6 |       0 |   23251 |   0.0 |       0 |      44 |   0.0 |   755
           Lab |       0 |    1254 |   0.0 |       0 |       1 |   0.0 |   122
       Ossuary |       0 |     118 |   0.0 |       0 |      16 |   0.0 |   117
               +---------+---------+-------+---------+---------+-------+---------
